 Dungeon Crawl Stone Soup version 0.30-a0-883-g5ad918d77d (webtiles) character file.

Game seed: 18192984049287961167

73 avis the Trooper (level 4, -2/41 HPs)
             Began as a Hill Orc Monk on Mar 15, 2023.
             Was a Believer of Beogh.
             Slain by a gnoll
             ... wielding a +0 flail
              (4 damage)
             ... on level 3 of the Dungeon.
             The game lasted 00:08:22 (1676 turns).

avis the Trooper (Hill Orc Monk)                    Turns: 1676, Time: 00:08:23

Health: -2/41      AC:  2    Str: 13    XL:     4   Next: 27%
Magic:  4/4        EV: 12    Int: 12    God:    Beogh [**....]
Gold:   57         SH:  0    Dex: 13    Spells: 3/3 levels left

rFire   . . .      SeeInvis .      - Unarmed
rCold   . . .      Faith    .    (no shield)
rNeg    . . .      Spirit   .    a - +0 robe
rPois   .          Reflect  .    (no helmet)
rElec   .          Rampage  .    (no cloak)
rCorr   .                        (no gloves)
Will    .....                    (no boots)
Stlth   ++                       (no amulet)
HPRegen 0.26/turn                (no ring)
MPRegen 0.09/turn                (no ring)

@: no status effects
A: no striking features
a: Renounce Religion, Smiting


You were on level 3 of the Dungeon.
You worshipped Beogh.
Beogh was pleased with you.
You visited 1 branch of the dungeon, and saw 3 of its levels.

You collected 57 gold pieces.

Inventory:

Hand Weapons
 g - a +0 dagger of draining
 m - a +0 dagger of speed
 p - a +0 war axe
Armour
 a - a +0 robe (worn)
Scrolls
 c - a scroll of teleportation {unknown}
 d - a scroll of fear {unknown}
 i - a scroll of enchant armour {unknown}
 j - a scroll of acquirement {unknown}
 o - a scroll of vulnerability {unknown}
Potions
 e - a potion of attraction
 h - a potion of magic
 k - a potion of cancellation {unknown}
 l - a potion of curing {unknown}
 n - a potion of brilliance {unknown}


   Skills:
 * Level 4.6 Fighting
 - Level 3.0 Dodging
 - Level 2.0 Stealth
 - Level 4.0 Unarmed Combat


You had 3 spell levels left.
You didn't know any spells.
Your spell library was empty.

Dungeon Overview and Level Annotations

Branches:
Dungeon (2/15)

Altars:

Shops:
D:1 (


Message History

The gnoll closely misses you.
You feel less invigorated.
You feel less confused.
The gnoll hits you from afar with a +1 heavy spear.
The gnoll hits you with a +1 heavy spear!
Things that are here:
a +0 flail; a ball python corpse; a gnoll corpse You hit the gnoll.
The gnoll is heavily wounded.
You hit the gnoll.
The gnoll is almost dead.
The gnoll hits you with a +1 heavy spear.
You hit the gnoll.
You kill the gnoll!
Beogh accepts your kill.
You hit the gnoll.
The gnoll is lightly wounded.
You hit the gnoll but do no damage.
The gnoll is lightly wounded.
The gnoll closely misses you.
You closely miss the gnoll.
The gnoll is lightly wounded.
The gnoll closely misses you.
You hit the gnoll.
The gnoll is moderately wounded.
The gnoll hits you with a +0 flail.
* * * LOW HITPOINT WARNING * * *
You closely miss the gnoll.
The gnoll is moderately wounded.
The gnoll hits you with a +0 flail!
* * * LOW HITPOINT WARNING * * *
You hit the gnoll.
The gnoll is heavily wounded.
The gnoll hits you with a +0 flail.
* * * LOW HITPOINT WARNING * * *
Okay, then.
You hit the gnoll.
The gnoll is severely wounded.
The gnoll hits you with a +0 flail.
You die...

#.#.# ~ #.#.###
~.##########.#.#.#
~.....>.....)..#.#
≈......#####.###.#
≈....g.g.# #.###.#
.......#.# #....)#
..g....#.#######.#
g......#...gg@...#
...gS..###########
....... ######. #[


You could see 2 gnolls.

Vanquished Creatures
  2 gnolls (D:3)
  An adder (D:2)
  A worm (D:2)
  A dart slug (D:1)
  An orc (D:3)
  5 endoplasms
  2 giant cockroaches (D:1)
  7 goblins (D:1)
  2 hobgoblins (D:1)
  3 quokkas (D:1)
  2 ball pythons
  2 bats (D:1)
  8 kobolds
  A rat (D:2)
38 creatures vanquished.

Vanquished Creatures (others)
  2 orcs (D:3)
2 creatures vanquished.

Grand Total: 40 creatures vanquished

Notes
Turn   | Place    | Note
-------+----------+-------------------------------------------
     0 | D:1      | avis the Hill Orc Monk began the quest for the Orb.
     0 | D:1      | Reached XP level 1. HP: 19/19 MP: 1/1
   230 | D:1      | Found Icvintinu's Weapon Shoppe.
   238 | D:1      | Reached XP level 2. HP: 27/27 MP: 2/2
   559 | D:1      | Reached XP level 3. HP: 33/33 MP: 3/3
  1462 | D:2      | You fall into a shaft and drop 1 floor!
  1617 | D:3      | Became a worshipper of Beogh the Brigand
  1617 | D:3      | Reached * piety under Beogh
  1617 | D:3      | Reached ** piety under Beogh
  1654 | D:3      | Reached XP level 4. HP: 31/41 MP: 4/4
  1657 | D:3      | HP: 2/41 [gnoll/+1 heavy spear (14)]
  1675 | D:3      | HP: 1/41 [gnoll/+0 flail (4)]
  1676 | D:3      | Slain by a gnoll

Illustrated notes

Levels and vault maps discovered:
D:1:      dpeg_arrival_renting, layout_rooms, serial_glass, glass_columns_b,
          glass_columns_c, glass_columns_c, glass_columns_a, glass_columns_b,
          glass_columns_a, glass_columns_a, glass_columns_b, serial_shops,
          nicolae_shop_crystal, roderic_serpentine_path, minmay_3d_cube
D:2:      layout_basic, minmay_tromino_v2
D:3:      layout_basic, nicolae_kikubaaqudgha_miasma_corner, minivault_14

Skill      XL: |  1  2  3 |
---------------+----------+-----
Fighting       | 4 |  4.6
Unarmed Combat | 4 |  4.0
Dodging        | 3 |  3.0
Stealth        | 2 |  2.0

Action                     |  1- 3 |  4- 6 || total
---------------------------+-------+-------++-------
  Melee: Unarmed           |   166 |    14 ||   180
 Invoke: Convert to Beogh  |     1 |       ||     1
    Use: Scroll            |     2 |       ||     2
         Potion            |       |     1 ||     1
   Stab: Sleeping          |     3 |       ||     3
 Armour: Robe              |    28 |       ||    28
  Dodge: Dodged            |    97 |    10 ||   107

Table legend: (Time is in decaauts)
 A = Elapsed time spent in this place.
 B = Non-inter-level travel time spent in this place.
 C = Inter-level travel time spent in this place.
 D = Time resting spent in this place.
 E = Time spent auto-exploring this place.
 F = Levels seen in this place.
 G = Mean time per level.
                   A        B        C        D        E       F      G
               +--------+--------+--------+--------+--------+-----+--------+
         Total |   1662 |   1617 |     45 |    447 |    698 |   3 |  554.0 |
       Dungeon |   1662 |   1617 |     45 |    447 |    698 |   3 |  554.0 |
               +--------+--------+--------+--------+--------+-----+--------+

Top non-repeatable levels by time:
     D:1: 1185 daAuts
     D:2: 264 daAuts
     D:3: 211 daAuts
